Map: 얼어붙은 사원

Players

llllllllllll (Scarlett)

  • Race: Zerg Zerg
  • League: Grandmaster

스타플래티나 - Winner!

  • Race: Zerg Zerg
  • League: Grandmaster

VOD

Have the link to the VOD?

Description

Time

  • Played on: April 14, 2016, 5:35 a.m.
  • Length: 8:26
Show
View Real Time Build Order
Export as new Build Order

llllllllllll Zerg 

Build Orders: Pool First, Zergling Baneling 

Get SALT Encoding   

  12  0:00  Drone  
  13  0:08  Drone  
  14  0:19  Overlord  
  14  0:25  Extractor, Drone  
  15  0:43  Drone x2  
  15  0:45  Spawning Pool  
  15  0:48  Drone  
  17  0:51  Extractor  
  16  1:00  Drone  
  17  1:06  Drone  
  18  1:18  Hatchery  
  17  1:27  Overlord  
  17  1:36  Queen  
  19  1:41  Drone  
  19  1:46  Zergling x2  
  21  1:50  Drone  
  22  1:54  Metabolic Boost  
  22  2:04  Zergling x2  
  23  2:12  Queen  
  25  2:17  Baneling Nest  
  25  2:20  Zergling x2  
  26  2:29  Zergling x2  
  26  2:35  Zergling x2  
  27  2:41  Overlord  
  27  2:49  Zergling x6  
  30  3:04  Zergling x2  
  30  3:05  Hatchery  
  29  3:24  Zergling x8  
  33  3:32  Baneling  
  33  3:33  Baneling  
  33  3:34  Baneling  
  33  3:38  Baneling  
  33  3:39  Baneling x4  
  33  3:40  Zergling x4  
  35  3:54  Overlord  
  35  4:04  Drone  
  37  4:17  Drone x2  
  37  4:21  Drone x3  
  40  4:34  Drone x2  
  40  4:36  Drone  
  43  4:39  Drone  
  44  4:47  Drone  
  44  4:49  Drone x4  
  49  4:59  Hatchery  
  48  5:03  Overlord  
  48  5:04  Drone x3  
  51  5:12  Roach Warren  
  50  5:15  Overlord  
  50  5:18  Drone  
  51  5:22  Overlord  
  51  5:26  Extractor x2  
  49  5:29  Drone x4  
  49  5:34  Queen  
  54  5:41  Drone x2  
  54  5:42  Drone  
  57  5:49  Overlord  
  55  5:52  Drone x4  
  59  5:59  Overlord  
  59  6:00  Lair  
  59  6:08  Roach x2  
  59  6:09  Roach  
  64  6:13  Roach  
  65  6:18  Roach  
  65  6:19  Roach  
  65  6:25  Roach x3  
  72  6:26  Roach  
  73  6:37  Roach  
  73  6:38  Roach x4  
  83  6:46  Overlord  
  85  6:47  Roach x2  
  87  6:55  Drone x3  
  87  7:00  Glial Reconstitution  
  90  7:08  Overseer  
  90  7:09  Drone x4  
  90  7:11  Overlord x2  
  90  7:12  Roach  
  90  7:13  Roach  
  98  7:18  Roach x2  
  102  7:37  Roach  
  102  7:38  Roach x6  
  102  7:42  Overseer  
  102  7:44  Overlord x2  
  116  7:46  Extractor  
  116  7:49  Drone x3  
  116  7:50  Drone  
  119  7:53  Roach  
  121  7:58  Overlord x2  
Show
View Real Time Build Order
Export as new Build Order

스타플래티나 Zerg - Winner!

Build Orders: Pool First 

Get SALT Encoding   

  12  0:22  Spawning Pool, Drone  
  12  0:27  Drone  
  13  0:32  Drone  
  14  0:43  Overlord  
  15  1:11  Zergling x6  
  15  1:12  Queen  
  19  1:22  Zergling x2  
  20  1:33  Zergling x2  
  20  1:36  Hatchery  
  20  1:50  Drone  
  20  1:53  Extractor, Queen  
  22  1:59  Overlord  
  23  2:18  Drone x2  
  23  2:20  Drone x3  
  28  2:34  Queen  
  30  2:48  Spine Crawler  
  30  2:49  Queen  
  30  2:50  Drone  
  32  2:54  Drone  
  32  2:55  Drone  
  32  2:58  Drone  
  35  3:17  Extractor  
  35  3:18  Extractor  
  32  3:21  Drone x3  
  33  3:29  Roach Warren, Drone x2  
  33  3:30  Drone  
  33  3:45  Overlord  
  33  3:46  Overlord  
  33  4:09  Roach x4  
  41  4:10  Roach  
  41  4:11  Overlord  
  43  4:21  Overlord  
  43  4:34  Drone x4  
  47  4:45  Lair  
  47  4:49  Drone  
  47  4:50  Drone  
  49  5:02  Drone x2  
  49  5:04  Evolution Chamber  
  49  5:05  Roach x3  
  56  5:13  Drone x4  
  60  5:23  Overlord  
  60  5:33  Zerg Missile Weapons Level 1  
  60  5:43  Drone x3  
  60  5:44  Hatchery  
  62  5:52  Glial Reconstitution  
  62  5:54  Drone x2  
  62  5:55  Overseer  
  62  5:56  Roach  
  66  6:02  Hatchery  
  65  6:11  Roach  
  65  6:12  Overlord  
  65  6:19  Drone x2  
  65  6:20  Drone  
  65  6:22  Hatchery  
  65  6:25  Drone x2  
  65  6:28  Roach  
  65  6:29  Overlord  
  65  6:31  Roach  
  70  6:37  Overlord, Roach x3  
  76  6:41  Overlord  
  76  6:48  Roach  
  76  6:50  Overlord  
  78  7:00  Roach  
  82  7:01  Roach  
  82  7:04  Roach  
  82  7:05  Roach x2  
  82  7:07  Roach x3  
  94  7:11  Roach  
  94  7:15  Roach  
  98  7:21  Roach  
  100  7:24  Roach  
  102  7:33  Roach  
  102  7:34  Roach x2  
  108  7:39  Roach x2  
  108  7:41  Overlord x2, Roach  
  114  7:49  Overlord  
  114  8:02  Roach x2  
  114  8:03  Roach x2  
  114  8:04  Roach  
  114  8:05  Drone x5  
Tags
 
Add a new tag
Caveats
  • Supply blocks, unpowered buildings, or Contaminate may cause inaccurate times.
  • Supply counts are checked every 10 seconds.